Map: Temple gelé

Players

zidar - Winner!

  • Race: Zerg Zerg
  • League: Platinum
  • Spawn Location: 11:00

yarba

  • Race: Terran Terran
  • League: Gold
  • Spawn Location: 5:00

VOD

Have the link to the VOD?

Description

Time

  • Played on: Oct. 8, 2016, 12:01 p.m.
  • Length: 7:04
Show
View Real Time Build Order
Export as new Build Order

zidar Zerg - Winner!

Build Orders: Hatch First 

Get SALT Encoding   

  12  0:01  Drone  
  13  0:12  Overlord  
  13  0:20  Drone  
  14  0:31  Drone x2  
  16  0:39  Drone  
  17  0:54  Hatchery  
  17  0:56  Drone  
  17  1:00  Extractor  
  17  1:02  Drone  
  17  1:21  Drone  
  17  1:22  Spawning Pool  
  17  1:26  Drone  
  18  1:34  Drone  
  18  1:39  Overlord  
  19  2:09  Queen x2  
  19  2:10  Metabolic Boost  
  19  2:15  Zergling x4  
  25  2:17  Zergling x2  
  25  2:30  Zergling x2  
  25  2:31  Zergling x6  
  29  3:11  Roach Warren  
  26  3:48  Extractor  
  26  3:49  Drone x10  
  35  4:13  Overlord x3  
  34  4:33  Roach x10  
  54  4:39  Drone x3  
  57  5:02  Ravager x2  
  57  5:07  Overlord x3  
  53  5:38  Roach  
  53  5:39  Roach x7  
Show
View Real Time Build Order
Export as new Build Order

yarba Terran 

Build Orders:  

Get SALT Encoding   

  12  0:01  SCV  
  13  0:13  SCV  
  14  0:19  Supply Depot  
  14  0:25  SCV  
  15  0:38  Refinery  
  15  0:41  SCV  
  16  0:47  Barracks  
  16  0:55  SCV  
  17  1:08  SCV  
  17  1:11  Barracks  
  18  1:20  SCV  
  19  1:30  Barracks  
  19  1:32  SCV  
  20  1:40  Supply Depot  
  20  1:46  Reaper  
  21  1:53  Refinery  
  21  2:02  SCV  
  21  2:05  Reaper  
  23  2:18  Bunker  
  23  2:20  Reaper  
  24  2:26  Orbital Command  
  24  2:31  Reaper  
  25  2:42  Supply Depot  
  24  2:54  Reaper x2  
  24  2:55  SCV  
  27  3:15  Reaper  
  28  3:20  SCV  
  28  3:26  Reaper  
  29  3:27  Reaper  
  29  3:32  SCV  
  30  3:44  SCV  
  30  3:45  Supply Depot  
  30  3:47  Reaper  
  31  3:56  SCV  
  31  3:58  Reaper  
  31  3:59  Reaper  
  34  4:04  Command Center  
  34  4:08  SCV  
  35  4:12  Factory  
  35  4:20  SCV  
  34  4:46  SCV  
  34  4:47  Barracks Tech Lab  
  34  4:50  Barracks Reactor  
  35  4:58  Factory  
  35  5:02  Factory Reactor, Command Center  
  35  5:05  SCV  
  36  5:24  Orbital Command  
  31  5:36  Marine x2, Marauder  
  31  5:40  SCV  
  34  5:44  Barracks Reactor  
  34  5:45  Hellion x2  
  34  5:48  Factory Tech Lab  
  38  5:52  SCV  
  38  5:54  Starport  
  39  6:08  Marine x3, Marauder  
  26  6:25  Marine  
  26  6:26  Marine x2  
  26  6:29  Marauder  
Tags
 
Matchup
TvZ
Spawn Locations
Cross Positions
Add a new tag
Caveats
  • Supply blocks, unpowered buildings, or Contaminate may cause inaccurate times.
  • Supply counts are checked every 10 seconds.